 Dungeon Crawl Stone Soup version 0.27.0-1-g7a089689b8 (webtiles) character file.

Game seed: 10825118065647054611

71 pkoi the Chopper (level 4, -6/37 HPs)
             Began as a Minotaur Gladiator on Aug 17, 2021.
             Mangled by a gnoll (10 damage)
             ... on level 2 of the Dungeon.
             The game lasted 00:01:05 (1059 turns).

pkoi the Chopper (Minotaur Gladiator)               Turns: 1059, Time: 00:01:05

Health: -6/37      AC:  3    Str: 19    XL:     4   Next: 5%
Magic:  3/3        EV: 12    Int:  5    God:
Gold:   91         SH:  0    Dex: 12    Spells: 3/3 levels left

rFire    . . .     SeeInvis .   a - +0 war axe
rCold    . . .     Faith    .   (no shield)
rNeg     . . .     Spirit   .   b - +0 leather armour
rPois    .         Reflect  .   c - +0 hat
rElec    .         Harm     .   (no cloak)
rCorr    .         Rampage  .   (no gloves)
Will     .....                  (no boots)
Stlth    +.........             (no amulet)
HPRegen  0.12/turn              (no ring)
MPRegen  0.08/turn              (no ring)

@: no status effects
A: horns 2, retaliatory headbutt
a: no special abilities


You were on level 2 of the Dungeon.
You visited 1 branch of the dungeon, and saw 2 of its levels.

You collected 91 gold pieces.

Inventory:

Hand Weapons
 a - a +0 war axe (weapon)
Missiles
 d - 3 throwing nets (quivered)
Armour
 b - a +0 leather armour (worn)
 c - a +0 hat (worn)
Scrolls
 e - a scroll of enchant weapon {unknown}
 g - a scroll of magic mapping {unknown}
Potions
 f - a potion of invisibility {unknown}


   Skills:
 - Level 2.4 Fighting
 + Level 6.0 Axes
 - Level 2.0 Throwing
 - Level 3.2 Dodging


You had 3 spell levels left.
You didn't know any spells.
Your spell library was empty.

Dungeon Overview and Level Annotations

Branches:
Dungeon (2/15)

Altars:


Innate Abilities, Weirdness & Mutations

You have a pair of horns on your head.
You reflexively headbutt those who attack you in melee.


Message History

An endoplasm comes into view. 2 gnolls come into view.
The gnoll shouts!
The endoplasm quivers.
The bat hits you. The gnoll hits you with a +0 whip!
You slash the gnoll! You headbutt the gnoll.
You kill the gnoll!
The bat hits you but does no damage. The bat barely misses you.
The gnoll closely misses you. You furiously retaliate!
You headbutt the gnoll!
Your Axes skill increases to level 6!
You have reached level 4!
You feel agile.
You barely miss the gnoll.
The gnoll is severely wounded.
You barely miss the bat. The bat closely misses you. You furiously retaliate!
You headbutt the bat!
You kill the bat!
The gnoll hits you from afar with a +0 spear.
The gnoll misses you. You furiously retaliate!
You headbutt the gnoll.
Unknown command.
The endoplasm misses you. The endoplasm misses you. You furiously retaliate!
You headbutt the endoplasm!
You kill the endoplasm!
You closely miss the gnoll.
The gnoll is almost dead.
The gnoll hits you with a +0 flail.
You hit the gnoll.
The gnoll is almost dead.
The gnoll hits you from afar with a +0 spear!
* * * LOW HITPOINT WARNING * * *
The gnoll hits you but does no damage.
You closely miss the gnoll.
The gnoll is almost dead.
The gnoll hits you from afar with a +0 spear.
* * * LOW HITPOINT WARNING * * *
The gnoll hits you with a +0 flail.
* * * LOW HITPOINT WARNING * * *
The gnoll closely misses you. The gnoll hits you with a +0 flail!
You die...

######### ##...#...#
####################.........
............gg...............
......#########g@............
.......# ##...)###..........
.....†.# ##..#### ##.........
....†..###..## ##.......#
...........## ###†...####
...........########....###
...................†##.###
..........#######..........
..........# ###.####.####


You could see 3 gnolls.

Vanquished Creatures
  2 adders (D:2)
  A gnoll (D:2)
  A dart slug (D:1)
  7 endoplasms
  2 giant cockroaches
  3 goblins
  4 hobgoblins (D:1)
  2 jackals (D:2)
  7 kobolds
  A quokka (D:2)
  4 bats
  3 frilled lizards
  3 rats
40 creatures vanquished.

Notes
Turn   | Place    | Note
-------+----------+-------------------------------------------
     0 | D:1      | pkoi the Minotaur Gladiator began the quest for the Orb.
     0 | D:1      | Reached XP level 1. HP: 18/18 MP: 0/0
   125 | D:1      | Reached skill level 4 in Axes
   181 | D:1      | Reached XP level 2. HP: 25/25 MP: 1/1
   728 | D:1      | Reached skill level 5 in Axes
   823 | D:2      | Reached XP level 3. HP: 27/30 MP: 2/2
  1031 | D:2      | Reached skill level 6 in Axes
  1031 | D:2      | Reached XP level 4. HP: 25/37 MP: 3/3
  1059 | D:2      | Mangled by a gnoll

Illustrated notes

Levels and vault maps discovered:
D:1:      lightli_arrival_noodles, layout_loops_ring
D:2:      minmay_evil_eye, layout_rooms

Skill      XL: |  1  2  3 |
---------------+----------+-----
Axes           | 4 5 6 |  6.0
Fighting       | |  2.4
Throwing       | |  2.0
Dodging        | |  3.2

Action                   |  1- 3 |  4- 6 || total
-------------------------+-------+-------++-------
Melee: War axe           |    42 |     4 ||    46
       Headbutt          |     3 |       ||     3
Armor: Leather armour    |    10 |     1 ||    11
Dodge: Dodged            |    37 |     5 ||    42
